 Dungeon Crawl Stone Soup version 0.32-a0-520-g344ed53f66 (webtiles) character file.

Game seed: 16644193511893561011

6322 IdlyInterested the Grappler (level 10, -1/76 HPs)
             Began as a Demonspawn Fighter on Feb 27, 2024.
             Was a Believer of Dithmenos.
             Slain by a yak (3 damage)
             ... on level 9 of the Dungeon.
             The game lasted 00:27:28 (8264 turns).

IdlyInterested the Grappler (Demonspawn Fighter)    Turns: 8264, Time: 00:27:29

Health: -1/76      AC: 12    Str: 23    XL:     10   Next: 64%
Magic:  0/13       EV:  2    Int: 10    God:    Dithmenos [**....]
Gold:   496        SH:  5    Dex: 15    Spells: 9/9 levels left

rFire   . .          .
                       - Unarmed
rCold   . . .        c - +0 buckler
rNeg    . . .        q - +0 steam dragon scales
rPois   .            (helmet currently unavailable)
rElec   .            (cloak currently unavailable)
rCorr   .            (gloves currently unavailable)
SInv    .            K - melded +0 pair of boots
Will    .....        N - amulet of guardian spirit
Stlth   ++++         a - ring of Ogip Zyg {Fly Str+6}
HPRegen 0.32/turn    h - +4 ring of protection
MPRegen 0.13/turn

%: guardian spirit
@: mighty, beast-form, flying, wreathed by umbra, constricted, studying Shields
A: beast (slay +4), claws 1, thin metallic scales 2, powered by death 1, foul
shadow 2
a: Begin Untransformation, Renounce Religion, Shadow Step


You were on level 9 of the Dungeon.
You worshipped Dithmenos.
Dithmenos was pleased with you.
You were a hulking beast.
You visited 2 branches of the dungeon, and saw 10 of its levels.

You collected 496 gold pieces.

Inventory:

Hand Weapons
 d - a +1 vampiric short sword
 P - a +3 short sword
Missiles
 k - 68 stones (quivered)
 r - 3 datura-tipped darts
 t - 4 boomerangs
 y - 18 poisoned darts
 B - 3 throwing nets
 L - 3 curare-tipped darts
Armour
 c - a +0 buckler (worn)
 q - +0 steam dragon scales (worn)
 z - the +0 robe of Experimentation {-Cast Dex+3 SInv}
   (You found it on level 4 of the Dungeon)

   Dex+3:     It affects your dexterity (+3).
   SInv:      It lets you see invisible.
   -Cast:     It prevents spellcasting.
 K - a +0 pair of boots (melded)
Magical Staves
 m - a staff of air
Jewellery
 a - the ring of Ogip Zyg (left claw) {Fly Str+6}
   (You found it on level 5 of the Dungeon)

   [ring of flight]

   Str+6:     It affects your strength (+6).
   Fly:       It grants you flight.
 h - a +4 ring of protection (right claw)
 p - a +6 ring of intelligence
 x - a ring of poison resistance
 F - a +4 ring of protection
 I - a ring of ice
 N - an amulet of guardian spirit (around neck)
Talismans
 g - a flux talisman
 E - a beast talisman (active)
Wands
 b - a wand of polymorph (37)
 j - a wand of warping (4)
 o - a wand of charming (1)
 w - a wand of mindburst (26)
 J - a wand of flame (22)
Scrolls
 e - a scroll of butterflies
 i - 6 scrolls of identify
 l - 3 scrolls of fear
 C - a scroll of poison
 M - a scroll of teleportation
 O - a scroll of fog
Potions
 f - a potion of cancellation
 s - 2 potions of curing
 v - a potion of attraction {unknown}
 D - a potion of mutation {unknown}
 H - a potion of brilliance {unknown}


   Skills:
 - Level 6.0 Fighting
 - Level 3.4 Axes
 - Level 1.0 Throwing
 - Level 3.0 Armour
 - Level 2.0 Dodging
 + Level 5.2 Stealth
 - Level 2.6 Shields
 + Level 8.2 Unarmed Combat
 - Level 4.0 Invocations
 - Level 1.0 Evocations
 + Level 8.0 Shapeshifting


You had 9 spell levels left.
You didn't know any spells.
Your spell library contained the following spells:

 Spells                   Type           Power      Damage    Failure   Level
 Shock                    Conj/Air       0%         1d3       43%         1
 Summon Small Mammal      Summ           0%         N/A       43%         1
 Call Canine Familiar     Summ           0%         N/A       80%         3
 Dazzling Flash           Conj/Hex       0%         N/A       80%         3
 Inner Flame              Hex/Fire       0%         N/A       80%         3
 Sigil of Binding         Hex            0%         N/A       80%         3
 Swiftness                Air            0%         N/A       80%         3
 Volatile Blastmotes      Fire/Tloc      0%         2d10      80%         3
 Airstrike                Air            0%         2d(0-16)  99%         4
 Dimensional Bullseye     Hex/Tloc       0%         N/A       99%         4
 Summon Blazeheart Golem  Fire/Summ      0%         N/A       99%         4
 Vhi's Electric Charge    Tloc/Air       0%         N/A       99%         4
 Arcjolt                  Conj/Air       0%         1d10      100%        5
 Irradiate                Conj/Alch      0%         3d11      100%        5
 Starburst                Conj/Fire      0%         6d3       100%        6
 Ignition                 Fire           0%         3d3       100%        8
 Maxwell's Capacitive Co  Air            0%         ∞         100%        8


Dungeon Overview and Level Annotations

Branches:
Dungeon (9/15)             Temple (1/1) D:4            Lair (0/5) D:8
    Orc: D:9-12

Altars:
Ashenzari
Dithmenos
Fedhas
Gozag
Hepliaklqana
Kikubaaqudgha
Makhleb
Nemelex Xobeh
Okawaru
Qazlal
Ru
Sif Muna
Uskayaw
Vehumet
Xom
Yredelemnul

Shops:
D:6 :   D:7 [

Annotations:
D:9 Erica


Innate Abilities, Weirdness & Mutations

You are a hulking beast.
Your limbs bulge with bestial killing power. (Slay +4)
You have sharp fingernails.
You are mostly covered in thin metallic scales. (AC +3)
You regenerate a little health from kills.
You are shadowed, sometimes releasing foul flame when damaged in melee.


Message History

Something hits you but does no damage.
You feel very mighty all of a sudden.
Erica hits you with a +2 scimitar of flaming!
Erica burns you. Erica grabs you. Erica constricts you.
Something hits you but does no damage.
You mangle Erica!!
Erica is moderately wounded.
The yak barely misses you.
Erica hits you with a +2 scimitar of flaming.
Erica burns you. Erica constricts you. Something hits you but does no damage.
You closely miss Erica.
Erica is moderately wounded.
The yak gores you but does no damage.
Erica hits you with a +2 scimitar of flaming.
* * * LOW HITPOINT WARNING * * *
Erica burns you. Erica constricts you. Something hits you but does no damage.
You closely miss Erica.
Erica is moderately wounded.
The yak gores you.
* * * LOW HITPOINT WARNING * * *
Erica casts a spell.
Erica flickers and vanishes!
You are constricted.
* * * LOW HITPOINT WARNING * * *
An orc comes into view. It is wielding a +0 short sword.
You block something's attack.
You barely miss something. You miss something.
The yak gores you but does no damage. Something hits you!
* * * LOW HITPOINT WARNING * * *
Something burns you.
You are constricted.
Something hits you but does no damage.
Unknown command.
You barely miss something. The yak gores you.
* * * LOW HITPOINT WARNING * * *
The yak is seared by the foul flame within you!
The yak is moderately wounded.
Something completely misses you.
You are constricted.
Something hits you.
* * * LOW HITPOINT WARNING * * *
Unknown command.
You barely miss something. The yak gores you.
You die...

#............>#
#...........#
#........<..#
#.....)....##
###.##.....#
#......### ###
#.### ##..##..# #..
...o..###{)####....
##...


#oo{hYo# #####.#...< ######$# .#.... #.).# ...... #oß... #.... #.Y.### #....
'#Y## #.... .##o# ###... . #.# ...... . #.# #####. You could see a yak and 4
orcs.

Vanquished Creatures
  Pikel (D:6)
  3 kobold demonologists (D:7)
  2 hornets
  Grinder (D:6)
  2 wyverns (D:8)
  A yak (D:9)
  A steam dragon (D:9)
  A water moccasin (D:8)
  2 sky beasts
  5 orc warriors
  2 black bears (D:6)
  2 ogres
  2 centaurs (D:9)
  A lemure (D:6)
  2 phantoms
  4 bullfrogs
  6 kobold brigands
  4 scorpions
  5 wights (D:8)
  6 killer bees
  A howler monkey (D:5)
  4 hounds
  7 orc priests
  5 bombardier beetles
  A gnoll bouda (D:5)
  2 sleepcaps
  4 iguanas
  6 orc wizards
  7 adders
  7 gnolls (D:5)
  2 shadow imps
  A white imp (D:6)
  4 ufetubi
  A ribbon worm (D:3)
  A dart slug (D:1)
  26 orcs
  6 endoplasms
  4 giant cockroaches
  3 goblins
  6 hobgoblins
  4 quokkas
  5 ball pythons
  7 bats
  10 frilled lizards
  20 kobolds
  3 rats
200 creatures vanquished.

Notes
Turn   | Place    | Note
-------+----------+-------------------------------------------
     0 | D:1      | IdlyInterested the Demonspawn Fighter began the quest for
                  | the Orb.
     0 | D:1      | Reached XP level 1. HP: 18/18 MP: 1/1
   249 | D:1      | Gained mutation: You are faintly shadowed, very rarely
                  | releasing foul flame when damaged in melee. [demonic
                  | ancestry]
   249 | D:1      | Reached XP level 2. HP: 20/24 MP: 2/2
   428 | D:1      | Reached skill level 1 in Dodging
   610 | D:2      | Gained mutation: You are partially covered in thin metallic
                  | scales. (AC +2) [demonic ancestry]
   610 | D:2      | Reached XP level 3. HP: 29/29 MP: 3/3
   658 | D:2      | Reached skill level 1 in Stealth
   834 | D:2      | Reached skill level 1 in Evocations
   979 | D:2      | Reached skill level 1 in Shapeshifting
   979 | D:2      | Reached XP level 4. HP: 21/35 MP: 4/4
  1048 | D:2      | HP: 1/35 [orc priest/nerve-wracking pain (7)]
  1057 | D:2      | Reached skill level 1 in Throwing
  1794 | D:3      | Gained mutation: You have sharp fingernails. [demonic
                  | ancestry]
  1794 | D:3      | Reached XP level 5. HP: 36/41 MP: 5/5
  1853 | D:3      | Reached skill level 1 in Unarmed Combat
  2598 | D:4      | Found a staircase to the Ecumenical Temple.
  2610 | Temple   | Entered the Ecumenical Temple
  2623 | D:4      | Noticed a phantom
  2646 | D:4      | Killed a phantom
  2647 | D:4      | Reached XP level 6. HP: 38/48 MP: 6/6
  2705 | D:4      | Found a shimmering altar of Xom.
  3196 | D:4      | Gained mutation: You regenerate a little health from kills.
                  | [demonic ancestry]
  3196 | D:4      | Reached XP level 7. HP: 11/54 MP: 7/7
  3353 | D:4      | Identified the +0 robe of Experimentation {-Cast Dex+3
                  | SInv}
  3587 | D:5      | Entered Level 5 of the Dungeon
  3659 | Temple   | Became a worshipper of Dithmenos the Shadowed
  3809 | D:5      | Found a burning altar of Makhleb.
  4212 | D:5      | Identified the ring of Ogip Zyg {Fly Str+6}
  4582 | D:5      | Gained mutation: You are shadowed, sometimes releasing foul
                  | flame when damaged in melee. [demonic ancestry]
  4582 | D:5      | Reached XP level 8. HP: 60/60 MP: 8/8
  4832 | D:6      | Noticed Pikel
  4867 | D:6      | Killed Pikel
  4868 | D:6      | Reached skill level 5 in Unarmed Combat
  4868 | D:6      | Reached skill level 5 in Shapeshifting
  4953 | D:6      | Found Fijies's Book Shop.
  4969 | D:6      | Reached * piety under Dithmenos
  5166 | D:6      | Gained mutation: You are mostly covered in thin metallic
                  | scales. (AC +3) [demonic ancestry]
  5166 | D:6      | Reached XP level 9. HP: 65/65 MP: 9/9
  5248 | D:6      | Reached skill level 1 in Invocations
  5357 | D:6      | Noticed Grinder
  5361 | D:6      | Paralysed by Grinder for 5 turns
  5370 | D:6      | Paralysed by Grinder for 4 turns
  5372 | D:6      | Killed Grinder
  5449 | D:6      | Found a hide-covered altar of Uskayaw.
  5531 | D:7      | Identified a scroll of acquirement
  5535 | D:7      | Acquired a manual of Shields
  5628 | D:7      | Found a hazy altar of Hepliaklqana.
  5668 | D:7      | Found Uhavyes's Armour Boutique.
  6024 | D:7      | Reached ** piety under Dithmenos
  6315 | D:7      | Noticed a kobold demonologist
  6316 | D:7      | Noticed a kobold demonologist
  6319 | D:7      | Noticed a kobold demonologist
  6344 | D:7      | Killed a kobold demonologist
  6347 | D:7      | Noticed a hellwing
  6355 | D:7      | Killed a kobold demonologist
  6356 | D:7      | Reached skill level 5 in Fighting
  6379 | D:7      | Killed a kobold demonologist
  6380 | D:7      | Reached XP level 10. HP: 36/74 MP: 11/13
  6712 | D:8      | Found a staircase to the Lair.
  7833 | D:9      | Paralysed by a hornet for 3 turns
  8216 | D:9      | Reached skill level 5 in Stealth
  8251 | D:9      | Noticed Erica
  8263 | D:9      | HP: 2/76 [yak (5)]
  8264 | D:9      | Slain by a yak

Illustrated notes

Levels and vault maps discovered:
D:1:      amcnicky_arrival_single_pillar, layout_basic
D:2:      layout_basic, nrook_campfire
D:3:      layout_loops_corners
D:4:      layout_cave_pools, nicolae_elyvilon_temple_path, xom_teletrap_fun,
          minmay_temple_entry_stoned_glass
D:5:      layout_loops_ring, mainiacjoe_overflow_alcove_2
D:6:      layout_rooms, nicolae_uskayaw_dance_studio, serial_shops,
          nicolae_shop_waterfront, glass_columns_b, uniq_pikel, uniq_grinder
D:7:      layout_gridville, mainiacjoe_overflow_catwalk,
          nicolae_tso_swordbearing_angel, serial_shops, shop, eino_tiny_chamber
D:8:      layout_basic, lair_entry_dummy, serial_glass, glass_columns_b,
          glass_columns_a
D:9:      layout_rooms, nicolae_wu_jian_glorious_leap, bloody_trog,
          hiddenorc2_lemuel, hangedman_decor_lopped, kennysheep_flooded_box,
          uniq_erica
Temple:   minmay_temple_forest_path

Skill      XL: |  1  2  3  4  5  6  7  8  9 10 |
---------------+-------------------------------+-----
Axes           | 2 3 |  3.4
Armour         | 3 |  3.0
Dodging        | 1 2 |  2.0
Stealth        | 1 3 4 5 |  5.2
Evocations     | 1 |  1.0
Shapeshifting  | 1 2 3 5 7 8 |  8.0
Throwing       | 1 |  1.0
Unarmed Combat | 2 3 4 5 7 8 |  8.2
Fighting       | 4 5 6 |  6.0
Invocations    | 4 |  4.0
Shields        | |  2.6

Action                     |  1- 3 |  4- 6 |  7- 9 | 10-12 || total
---------------------------+-------+-------+-------+-------++-------
  Melee: War axe           |   125 |   107 |       |       ||   232
         Unarmed           |       |    88 |   374 |   131 ||   593
  Throw: Stone             |       |       |     2 |     1 ||     3
    Use: Potion            |       |     5 |     2 |     1 ||     8
         Scroll            |       |     2 |     4 |     1 ||     7
   Stab: Sleeping          |       |       |     6 |     3 ||     9
 Armour: Scale mail        |    63 |       |       |       ||    63
         Chain mail        |    40 |   109 |   155 |       ||   304
         Robe              |       |       |    71 |    52 ||   123
         Skin              |       |       |    30 |       ||    30
         Steam dragon scal |       |       |       |    54 ||    54
  Dodge: Dodged            |    67 |    80 |   201 |    64 ||   412
         Repelled          |       |     2 |     1 |       ||     3
  Block: Buckler           |    28 |    45 |    64 |    34 ||   171
   Form: Beast             |       |       |     1 |     1 ||     2
         Flux              |       |       |       |     1 ||     1

Table legend: (Time is in decaauts)
 A = Elapsed time spent in this place.
 B = Non-inter-level travel time spent in this place.
 C = Inter-level travel time spent in this place.
 D = Time resting spent in this place.
 E = Time spent auto-exploring this place.
 F = Levels seen in this place.
 G = Mean time per level.
                   A        B        C        D        E       F      G
               +--------+--------+--------+--------+--------+-----+--------+
         Total |   8326 |   7726 |    600 |    795 |   4881 |  10 |  832.6 |
       Dungeon |   8214 |   7721 |    493 |    795 |   4881 |   9 |  912.7 |
        Temple |    112 |      5 |    107 |      0 |      0 |   1 |  112.0 |
               +--------+--------+--------+--------+--------+-----+--------+

Top non-repeatable levels by time:
     D:8: 1160 daAuts
     D:7: 1132 daAuts
     D:2: 1128 daAuts
     D:5: 1081 daAuts
     D:4: 1014 daAuts
     D:3: 929 daAuts
     D:6: 720 daAuts
     D:1: 633 daAuts
     D:9: 413 daAuts
  Temple: 112 daAuts
